 Dungeon Crawl Stone Soup version 0.29-a0-986-gdf0a18e73c (webtiles) character file.

Game seed: 3095280842580587575

194 DeathSun the Cudgeller (level 5, -5/41 HPs)
             Began as a Demonspawn Abyssal Knight on Aug 2, 2022.
             Was a Priest of Lugonu.
             Slain by an iguana (9 damage)
             ... on level 4 of the Dungeon on Oct 17, 2022.
             The game lasted 00:07:50 (3414 turns).

DeathSun the Cudgeller (Demonspawn Abyssal Knight)  Turns: 3414, Time: 00:07:51

Health: -5/41      AC:  6    Str: 15    XL:     5   Next: 44%
Magic:  15/15      EV:  9    Int: 12    God:    Lugonu [***...]
Gold:   243        SH:  7    Dex: 13    Spells: 4/4 levels left

rFire   . . .      SeeInvis .   a - +1 mace
rCold   . . .      Faith    .   l - +0 kite shield
rNeg    . . .      Spirit   .   b - +0 leather armour
rPois   .          Reflect  .   (helmet restricted)
rElec   .          Harm     .   (no cloak)
rCorr   .          Rampage  .   (no gloves)
Will    .....                   j - +2 pair of boots {Stlth+}
Stlth   ++........              (no amulet)
HPRegen 0.13/turn               n - ring of magical power
MPRegen 0.14/turn               (no ring)

@: no status effects
A: antennae 1, hooves 1, weakness stinger 2
a: Renounce Religion, Depart the Abyss, Bend Space, Banish


You were on level 4 of the Dungeon.
You worshipped Lugonu.
Lugonu was most pleased with you.
You visited 1 branch of the dungeon, and saw 4 of its levels.
You visited the Abyss 1 time.

You collected 243 gold pieces.

Inventory:

Hand Weapons
 a - a +1 mace (weapon)
Missiles
 c - 11 poisoned darts (quivered)
Armour
 b - a +0 leather armour (worn)
 j - a +2 pair of boots of stealth (worn)
 l - a +0 kite shield (worn)
Jewellery
 n - a ring of magical power (left hand)
Scrolls
 e - 2 scrolls of enchant armour
 f - a scroll of blinking
 i - 3 scrolls of teleportation
 k - a scroll of amnesia {unknown}
 m - a scroll of noise {unknown}
 p - a scroll of enchant weapon {unknown}
Potions
 d - 2 potions of invisibility
 g - a potion of attraction {unknown}
 h - a potion of curing
 o - a potion of degeneration {unknown}


   Skills:
 - Level 3.0 Fighting
 + Level 5.2 Maces & Flails
 - Level 1.7 Armour
 - Level 0.8 Dodging
 - Level 2.4 Invocations


You had 4 spell levels left.
You didn't know any spells.
Your spell library contained the following spells:

 Spells                   Type           Power      Damage    Failure   Level
 Freeze                   Ice            0%         1d3       83%         1
 Static Discharge         Conj/Air       0%         3-3/arc   92%         2
 Frozen Ramparts          Ice            0%         1d8       99%         3
 Dispel Undead            Necr           0%         3d6       100%        4
 Hailstorm                Conj/Ice       0%         3d3       100%        4
 Sticky Flame             Conj/Fire      0%         2d3       100%        4


Dungeon Overview and Level Annotations

Branches:
Dungeon (4/15)
 Temple: D:4-7

Altars:


Innate Abilities, Weirdness & Mutations

You have a pair of small antennae on your head.
You have large cloven feet.
You have a tail ending in a sharp stinger.


Message History

You barely miss the iguana. You block the iguana's attack. x2
You closely miss the iguana.
The iguana bites you but does no damage.
You barely miss the iguana.
Your tail-slap misses the iguana.
The iguana bites you. x2
You barely miss the iguana.
Your tail-slap misses the iguana.
The iguana bites you but does no damage.
You completely miss the iguana.
You tail-slap the iguana, but do no damage.
The iguana bites you!
You hit the iguana.
The iguana is lightly wounded.
The iguana bites you!
The iguana bites you but does no damage.
You are too injured to fight recklessly!
You hit the iguana. You tail-slap the iguana.
The iguana is moderately wounded.
The iguana bites you.
* * * LOW HITPOINT WARNING * * *
You hit the iguana.
The iguana is heavily wounded.
The iguana barely misses you.
You hit the iguana.
The iguana is heavily wounded.
You block the iguana's attack. x2
You barely miss the iguana.
You tail-slap the iguana, but do no damage.
The iguana is heavily wounded.
You block the iguana's attack.
You completely miss the iguana.
The iguana is heavily wounded.
The iguana bites you!
* * * LOW HITPOINT WARNING * * *
The iguana closely misses you.
You sock the iguana!
The iguana is almost dead.
The iguana bites you!
Bones file is buggy: /crawl-master/crawl-git/saves/bones/bones.store.D-4 Clearing bad bones file: /crawl-master/crawl-git/saves/bones/bones.store.D-4 You die...

......... #.....
......... # #####.
........# #. #..
........# #.###
####.. ........#
#..(######.<)..
........#
###.#.>....####
........#
##)....###### #
........#####..##.##
#
#######.$.l@..###.#
# #.####### #.# #
...# #.. # ##### ...
##.. #.


You could see an iguana.

Vanquished Creatures
  2 hounds
  2 adders
  4 gnolls (D:3)
  A worm (D:3)
  A dart slug (D:3)
  5 orcs
  6 ball pythons
  6 endoplasms
  2 giant cockroaches
  7 goblins
  13 hobgoblins
  3 jackals (D:2)
  5 kobolds
  2 quokkas (D:3)
  5 bats
  4 frilled lizards
  A rat (D:1)
  A spectral goblin (D:1)
70 creatures vanquished.

Notes
Turn   | Place    | Note
-------+----------+-------------------------------------------
     0 | Abyss:1  | DeathSun the Demonspawn Abyssal Knight began the quest for
                  | the Orb.
     0 | Abyss:1  | Reached XP level 1. HP: 18/18 MP: 2/2
     0 | Abyss:1  | Found a corrupted altar of Lugonu.
     3 | Abyss:1  | Found a corrupted altar of Lugonu.
    15 | Abyss:1  | Noticed a small abomination
    17 | D:1      | Escaped the Abyss
    80 | D:1      | Reached skill level 2 in Maces & Flails
   170 | D:1      | Reached ** piety under Lugonu
   345 | D:1      | Discovered your monstrous ancestry.
   345 | D:1      | Gained mutation: You have large cloven feet. [demonic
                  | ancestry]
   345 | D:1      | Reached XP level 2. HP: 24/24 MP: 3/3
   401 | D:1      | Found a faded altar of an unknown god.
  1291 | D:2      | Reached skill level 3 in Maces & Flails
  1291 | D:2      | Gained mutation: You have a small tail. [demonic ancestry]
  1291 | D:2      | Reached XP level 3. HP: 23/29 MP: 4/4
  2327 | D:3      | Gained mutation: You have a pair of small antennae on your
                  | head. [demonic ancestry]
  2327 | D:3      | Reached XP level 4. HP: 35/35 MP: 5/5
  2417 | D:3      | Reached *** piety under Lugonu
  2418 | D:3      | Reached skill level 4 in Maces & Flails
  2870 | D:3      | Gained mutation: You have a tail ending in a sharp stinger.
                  | [demonic ancestry]
  2870 | D:3      | Reached XP level 5. HP: 41/41 MP: 6/6
  3195 | D:4      | Reached skill level 5 in Maces & Flails
  3414 | D:4      | Slain by an iguana

Illustrated notes

Levels and vault maps discovered:
D:1:      zelgadis_glass_arrival_small, layout_basic,
          dreamdust_ecumenical_altar_drowned_temple, hangedman_decor_growths,
          hangedman_abyss_or_decor_stabs, columned_hall_lemuel
D:2:      cheibrodos_greedy_goblins, layout_rooms, kennysheep_generic_room_2
D:3:      layout_loops_ring, minmay_misc_feat_columns, minivault_26,
          kennysheep_generic_room_13
D:4:      layout_rooms, lexackson_kobold_supper

Skill      XL: |  1  2  3  4  5 |
---------------+----------------+-----
Maces & Flails | 2 3 4 5 |  5.2
Fighting       | |  3.0
Armour         | |  1.7
Dodging        | |  0.8
Invocations    | |  2.4

Action                   |  1- 3 |  4- 6 || total
-------------------------+-------+-------++-------
Melee: Mace              |   125 |    83 ||   208
       Kick              |     2 |       ||     2
       Tailslap          |    10 |    13 ||    23
       Punch             |     1 |       ||     1
Throw: Dart              |     1 |       ||     1
Invok: Depart the Abyss  |     1 |       ||     1
       Bend Space        |       |     1 ||     1
  Use: Potion            |       |     1 ||     1
       Scroll            |       |     5 ||     5
 Stab: Sleeping          |     1 |     2 ||     3
Armor: Leather armour    |    47 |    17 ||    64
Dodge: Dodged            |    88 |    34 ||   122
Block: Kite shield       |     5 |    27 ||    32

Table legend: (Time is in decaauts)
 A = Elapsed time spent in this place.
 B = Non-inter-level travel time spent in this place.
 C = Inter-level travel time spent in this place.
 D = Time resting spent in this place.
 E = Time spent auto-exploring this place.
 F = Levels seen in this place.
 G = Mean time per level.
                   A        B        C        D        E       F      G
               +--------+--------+--------+--------+--------+-----+--------+
         Total |   3480 |   3418 |     62 |      0 |   2686 |   5 |  696.0 |
       Dungeon |   3463 |   3401 |     62 |      0 |   2686 |   4 |  865.8 |
         Abyss |     17 |     17 |      0 |      0 |      0 |   1 |   17.0 |
               +--------+--------+--------+--------+--------+-----+--------+

Top non-repeatable levels by time:
     D:3: 1308 daAuts
     D:2: 982 daAuts
     D:1: 919 daAuts
     D:4: 252 daAuts
 Abyss:1: 17 daAuts
